 Dungeon Crawl Stone Soup version 0.26.0-10-g1f06aea511 (webtiles) character file.

Game seed: 13367892380752380544

42 Dracia the Ducker (level 3, -1/28 HPs)
             Began as a Demonspawn Gladiator on Jan 18, 2021.
             Slain by Natasha (7 damage)
             ... on level 2 of the Dungeon.
             The game lasted 00:02:14 (2410 turns).

Dracia the Ducker (Demonspawn Gladiator)            Turns: 2410, Time: 00:02:15

Health: -1/28      AC:  4    Str: 15    XL:     3   Next: 33%
Magic:  3/3        EV: 13    Int:  9    God:
Gold:   62         SH:  0    Dex: 14    Spells: 2/2 levels left

rFire    . . .     SeeInvis .     - Unarmed
rCold    . . .     Faith    .   (no shield)
rNeg     . . .     Spirit   .   b - +0 leather armour
rPois    .         Reflect  .   c - +0 helmet
rElec    .         Harm     .   (no cloak)
rCorr    .         Rampage  .   (no gloves)
Will     .....                  (no boots)
Stlth    +.........             j - amulet of inaccuracy (curse)
HPRegen  0.09/turn              (no ring)
MPRegen  0.08/turn              (no ring)

@: no status effects
A: claws 1, miasma immunity
a: no special abilities


You were on level 2 of the Dungeon.
You visited 1 branch of the dungeon, and saw 2 of its levels.

You collected 62 gold pieces.


Innate Abilities, Weirdness & Mutations

You have sharp fingernails.
You are immune to miasma.


   Skills:
 + Level 2.9 Fighting
 - Level 2.6 Short Blades
 - Level 1.7 Throwing
 - Level 2.9 Dodging
 * Level 1.6 Unarmed Combat


You had 2 spell levels left.
You didn't know any spells.
Your spell library was empty.

Inventory:

Missiles
 d - 3 throwing nets (quivered) {=f=f}
Armour
 b - a +0 leather armour (worn)
 c - a +0 helmet (worn)
Jewellery
 j - a cursed amulet of inaccuracy (around neck)
Scrolls
 e - a scroll of identify {@r1@r1}
 i - a scroll of enchant weapon
Potions
 a - a potion of might
 f - 4 potions of curing {@q1@q1}
 g - a potion of brilliance
 h - a potion of attraction {unknown}

Dungeon Overview and Level Annotations

Branches:
Dungeon (2/15)

Altars:

Annotations:
D:2 Natasha

............(...# #..###..##
##.###.#>.....#. #...#.#..#
#.....##.###.#.# #.#..###.#
########....................#
#.###.#....########.## #.#
###.... #.# #<# #.#.#.# #.#
### #.h$#.# #.# #
#@###.###.##.#
####.##.##......##.#
.........#.<######.#
####.##5.#.........# #
#.......####### ###.#.#.#
...#.#.# ##..###.# #..# #..


You could see Natasha and a crimson imp (summoned).


Message History

Natasha claws you.
The crimson imp hits you but does no damage.
You scratch Natasha.
Natasha is lightly wounded.
Natasha casts a spell at you. The magic dart hits you.
The crimson imp hits you but does no damage.
You scratch Natasha but do no damage.
Natasha is lightly wounded.
Natasha claws you!
* * * LOW HITPOINT WARNING * * *
The crimson imp hits you but does no damage.
You scratch Natasha.
Natasha is moderately wounded.
Natasha barely misses you. The crimson imp hits you.
* * * LOW HITPOINT WARNING * * *
You barely miss Natasha.
Natasha is moderately wounded.
Natasha claws you but does no damage. The crimson imp hits you.
* * * LOW HITPOINT WARNING * * *
You scratch Natasha.
Natasha is heavily wounded.
Natasha claws you but does no damage.
The crimson imp blinks!
You scratch Natasha.
Natasha is severely wounded.
Natasha closely misses you.
You scratch Natasha.
Natasha is almost dead.
Natasha claws you!
You die...

Skill      XL: |  1  2 |
---------------+-------+-----
Unarmed Combat | 1 |  1.6
Fighting       | |  2.9
Short Blades   | |  2.6
Throwing       | |  1.7
Dodging        | |  2.9

Action                   || total
-------------------------++-------
Melee: Rapier            ||    19
       Unarmed           ||   149
  Use: Scroll            ||     5
 Stab: Sleeping          ||     1
Armor: Leather armour    ||    46
Dodge: Dodged            ||   127

Levels and vault maps discovered:
D:1:      dpeg_arrival_stone_temple_mockup, layout_basic, chequers_garden,
          minmay_misc_feat_square
D:2:      layout_basic, minmay_tetromino_t2, uniq_natasha

Notes
Turn   | Place    | Note
-------+----------+-------------------------------------------
     0 | D:1      | Dracia the Demonspawn Gladiator began the quest for the
                  | Orb.
     0 | D:1      | Reached XP level 1. HP: 16/16 MP: 1/1
   351 | D:1      | Gained mutation: You have sharp fingernails. [demonic
                  | ancestry]
   351 | D:1      | Reached XP level 2. HP: 19/23 MP: 2/2
  1752 | D:2      | Reached skill level 1 in Unarmed Combat
  1941 | D:2      | Gained mutation: You are immune to miasma. [demonic
                  | ancestry]
  1941 | D:2      | Reached XP level 3. HP: 18/28 MP: 3/3
  2397 | D:2      | Noticed Natasha
  2410 | D:2      | Slain by Natasha

Vanquished Creatures
  An adder (D:2)
  2 dart slugs (D:1)
  A leopard gecko (D:2)
  A giant cockroach (D:2)
  4 goblins
  2 hobgoblins (D:1)
  4 jackals (D:1)
  3 bats
  2 frilled lizards (D:2)
  3 kobolds (D:1)
  6 rats
29 creatures vanquished.

Table legend: (Time is in decaauts)
 A = Elapsed time spent in this place.
 B = Non-inter-level travel time spent in this place.
 C = Inter-level travel time spent in this place.
 D = Time resting spent in this place.
 E = Time spent auto-exploring this place.
 F = Levels seen in this place.
 G = Mean time per level.
                   A        B        C        D        E       F      G
               +--------+--------+--------+--------+--------+-----+--------+
         Total |   2409 |   2386 |     23 |    217 |   1873 |   2 | 1204.5 |
       Dungeon |   2409 |   2386 |     23 |    217 |   1873 |   2 | 1204.5 |
               +--------+--------+--------+--------+--------+-----+--------+

Top non-repeatable levels by time:
     D:1: 1742 daAuts
     D:2: 666 daAuts

Table legend:
 A = Non-vault XP
 B = Vault XP
 C = Vault XP percentage of total XP
 D = Non-vault monster count
 E = Vault monster count
 F = Vault count percentage of total count
                 A         B        C        D         E       F
            +---------+---------+-------+---------+---------+-------
      Total |      58 |       2 |   3.3 |      27 |       2 |   6.9
            +---------+---------+-------+---------+---------+-------
        D:1 |      31 |       0 |   0.0 |      17 |       0 |   0.0
        D:2 |      27 |       2 |   6.9 |      10 |       2 |  16.7
            +---------+---------+-------+---------+---------+-------
